 Dungeon Crawl Stone Soup version 0.29.1-15-g9cfb28693d (webtiles) character file.

Game seed: 2953001467275429461

37 Heoruswealwe the Conjurer (level 3, 0/19 HPs)
             Began as a Deep Elf Conjurer on May 2, 2023.
             Slain by a worm (10 damage)
             ... on level 2 of the Dungeon.
             The game lasted 00:08:19 (873 turns).

Heoruswealwe the Conjurer (Deep Elf Conjurer)        Turns: 873, Time: 00:08:20

Health: 0/19       AC:  2    Str:  4    XL:     3   Next: 23%
Magic:  0/10       EV: 12    Int: 24    God:
Gold:   51         SH:  0    Dex: 13    Spells: 4/10 levels left

rFire   . . .      SeeInvis .   (no weapon)
rCold   . . .      Faith    .   (no shield)
rNeg    . . .      Spirit   .   c - +0 robe
rPois   .          Reflect  .   (no helmet)
rElec   .          Harm     .   (no cloak)
rCorr   .          Rampage  .   (no gloves)
Will    .....                   (no boots)
Stlth   ++........              (no amulet)
HPRegen 0.06/turn               (no ring)
MPRegen 0.12/turn               (no ring)

@: no status effects
A: no striking features
a: no special abilities


You were on level 2 of the Dungeon.
You visited 1 branch of the dungeon, and saw 2 of its levels.

You collected 51 gold pieces.

Inventory:

Armour
 c - a +0 robe (worn)
Scrolls
 e - a scroll of teleportation {unknown}
Potions
 b - a potion of magic


   Skills:
 - Level 2.4 Dodging
 - Level 2.4 Stealth
 + Level 4.2 Spellcasting
 + Level 5.0 Conjurations


You had 4 spell levels left.
You knew the following spells:

 Your Spells              Type           Power      Damage    Failure   Level
a - Magic Dart            Conj           100%       1d8       1%          1
b - Searing Ray           Conj           58%        2d6       1%          2
c - Dazzling Flash        Conj/Hex       34%        N/A       10%         3

Your spell library contained the following spells:

 Spells                   Type           Power      Damage    Failure   Level
 Fulminant Prism          Conj/Hex       8%         3d7       32%         4
 Iskenderun's Mystic Bla  Conj/Tloc      17%        2d5       32%         4


Dungeon Overview and Level Annotations

Branches:
Dungeon (2/15)

Altars:
Makhleb


Message History

You see here a +0 trident.
The magic dart hits the dart slug.
The dart slug is severely wounded.
The magic dart hits the dart slug.
The dart slug is almost dead.
You are out of magic!
A worm comes into view.
The dart slug launches a dart at you. The slug dart misses you.
You see here a jackal corpse.
Found a leather armour.
The magic dart hits the worm.
The worm is lightly wounded.
You see here a jackal corpse.
The magic dart hits the dart slug but does no damage.
The dart slug is almost dead.
The dart slug launches a dart at you. The slug dart hits you.
The dart slug launches a dart at you. The slug dart misses you.
You hit the dart slug.
You kill the dart slug!
You now have 51 gold pieces (gained 11).
The magic dart hits the worm.
The worm is lightly wounded.
You start resting.
A worm is nearby!
The magic dart hits the worm!
The worm is heavily wounded.
The worm closely misses you.
You hit the worm but do no damage. You punch the worm, but do no damage.
The worm is moderately wounded.
You hit the worm.
The worm is heavily wounded.
The worm bites you!
You hit the worm but do no damage.
The worm is heavily wounded.
The worm bites you!
Ouch! That really hurt!
You die...

. #.### .# #.###....# ..
##...# .# #........# #.
#..#.###.#### #.....#
..#..#........# #.#...#
.[.#........# #.#.#..##
#.####.##....(..# #...#....
#...).#.w..†....####..#..##.
#....##†####w#####..>....##
. #.##.
#..).#@##...[...###.... #.
## #.........#.#..........
#.......<.....####..###
#..........#..#.## ##
##...#.#....#....#
#.###<..##...##.# #..
##..###... ..# #.. #...
##.#..... ## ..#. #....###


You could see a worm.

Vanquished Creatures
  A dart slug (D:2)
  A bat (D:2)
  6 endoplasms
  5 goblins (D:1)
  A hobgoblin (D:1)
  3 jackals
  6 kobolds
  A quokka (D:1)
  4 ball pythons (D:1)
  2 rats (D:1)
30 creatures vanquished.

Notes
Turn   | Place    | Note
-------+----------+-------------------------------------------
     0 | D:1      | Heoruswealwe the Deep Elf Conjurer began the quest for the
                  | Orb.
     0 | D:1      | Reached XP level 1. HP: 10/10 MP: 6/6
   248 | D:1      | Reached XP level 2. HP: 15/15 MP: 5/8
   255 | D:1      | Learned a level 2 spell: Searing Ray
   677 | D:1      | Found a faded altar of an unknown god.
   686 | D:1      | Prayed at the altar of an unknown god.
   686 | D:1      | Became a worshipper of Makhleb the Destroyer
   686 | D:1      | Reached * piety under Makhleb
   687 | D:1      | Fell from the grace of Makhleb
   804 | D:2      | Reached skill level 5 in Conjurations
   804 | D:2      | Reached XP level 3. HP: 19/19 MP: 6/10
   808 | D:2      | Learned a level 3 spell: Dazzling Flash
   873 | D:2      | Slain by a worm

Illustrated notes

Levels and vault maps discovered:
D:1:      minmay_arrival_open_corners, layout_loops_corners,
          ebering_ecumenical_altar_abandoned, minmay_surrounded
D:2:      layout_rooms, minmay_pentomino_q4, uniq_robin

Skill      XL: |  1  2 |
---------------+-------+-----
Spellcasting   | 4 |  4.2
Conjurations   | 5 |  5.0
Dodging        | |  2.4
Stealth        | |  2.4

Action                   || total
-------------------------++-------
Melee: Unarmed           ||     4
       Punch             ||     1
 Cast: Magic Dart        ||    68
Invok: Renounce Religion ||     1
  Use: Scroll            ||     1
Armor: Robe              ||     1
Dodge: Dodged            ||     6
